 Dungeon Crawl Stone Soup version 0.20.0-8-g6b59dc7 (webtiles) character file.

150 inmateoo the Insei (level 5, -6/42 HPs)
             Began as a Vine Stalker Monk on May 30, 2017.
             Killed from afar by an orc wizard (13 damage)
             ... with a puff of frost
             ... on level 4 of the Dungeon.
             The game lasted 00:03:11 (1838 turns).

inmateoo the Insei (Vine Stalker Monk)              Turns: 1838, Time: 00:03:12

Health: -6/42      AC: 22    Str: 13    XL:     5   Next: 32%
Magic:  0/6        EV:  2    Int: 10    God:
Gold:   44         SH:  8    Dex: 18    Spells: 4/4 levels left

rFire    . . .     SeeInvis .     - Unarmed
rCold    . . .     Gourm    .   p - +0 shield
rNeg     + + +     Faith    .   (armour currently unavailable)
rPois    +         Spirit   +   (helmet currently unavailable)
rElec    .         Reflect  .   (cloak currently unavailable)
rCorr    .         Harm     .   (gloves currently unavailable)
MR       .....     NoTele   +   (boots currently unavailable)
Stlth    ++........             (no amulet)
Regen    0.6/turn               (no ring)
MPRegen  0.1/turn               (no ring)

@: tree-form (expiring)
A: regeneration 1, magic shield, no potion heal 3, rot immunity
a: no special abilities


You were on level 4 of the Dungeon.
You were not hungry.
You were a tree.
You visited 1 branch of the dungeon, and saw 4 of its levels.

You collected 44 gold pieces.

Inventory:

Armour
 a - a +0 robe (melded)
 p - a +0 shield (worn)
Jewellery
 o - an uncursed ring of ice
Scrolls
 c - 2 scrolls of remove curse {unknown}
 e - a scroll of teleportation {unknown}
 f - 2 scrolls of recharging {unknown}
 g - a scroll of fog {unknown}
 j - 2 scrolls of identify {unknown}
 m - a scroll of blinking {unknown}
Potions
 l - a potion of heal wounds
Comestibles
 b - a bread ration
 d - 3 royal jellies
 n - a chunk of flesh


   Skills:
 - Level 3.1 Fighting
 + Level 0.4 Armour
 + Level 3.0 Dodging
 - Level 2.4 Stealth
 + Level 0.8 Shields
 * Level 4.8 Unarmed Combat


You had 4 spell levels left.
You didn't know any spells.

Dungeon Overview and Level Annotations

Branches:
Dungeon (4/15)
 Temple: D:4-7

Altars:
Ru

Annotations:
D:2 Natasha
D:3 Mlkhall's ghost, amateur DrVM


Innate Abilities, Weirdness & Mutations

((You have extremely sharp teeth.))
Your natural rate of healing is unusually fast.
When hurt, damage is shared between your health and your magic reserves.
((Your bite disrupts and absorbs the magic of your enemies.))
Potions cannot restore your health.
You are immune to rotting.


Message History

Something hits you but does no damage.
You closely miss something. You block the orc's attack.
Something hits you but does no damage.
You hit something. You block the orc's attack.
You hear some strange, mumbled words.
A puff of frost appears from out of thin air!
The puff of frost hits you!
You closely miss something. The orc hits you but does no damage.
Something hits you.
* * * LOW HITPOINT WARNING * * *
You closely miss something. Something hits you but does no damage.
The orc hits you but does no damage.
You barely miss something.
Your transformation is almost over.
You block something's attack. The orc hits you but does no damage.
You smack something!
You hear some strange, mumbled words.
A puff of frost appears from out of thin air!
The puff of frost hits you!
You die...

#......# #......#
#......# #...†..#
#......# #.....## ###
####.....#######..
#.)...............
#♣{...........[...
#)o..........<....
#.....'........##...##..
#.....##.......##...##..
##.... ##########....#..
#... #.....#.. .....
#.....#.. %... #.....#..
.?.. #########


You could see an orc.

Vanquished Creatures
  An orc priest (D:4)
  An orc wizard (D:4)
  3 adders
  3 oozes
  A dart slug (D:1)
  2 leopard geckos
  An orc (D:4)
  A ball python (D:1)
  3 bats
  A giant cockroach (D:4)
  7 goblins
  5 hobgoblins
  4 jackals (D:1)
  2 quokkas
  2 frilled lizards
  6 kobolds
  4 rats
47 creatures vanquished.

Notes
Turn   | Place    | Note
-------+----------+-------------------------------------------
     0 | D:1      | inmateoo the Vine Stalker Monk began the quest for the Orb.
     0 | D:1      | Reached XP level 1. HP: 11/11 MP: 2/2
    61 | D:1      | Reached XP level 2. HP: 5/16 MP: 3/3
   502 | D:1      | Reached XP level 3. HP: 5/19 MP: 2/4
  1332 | D:2      | Reached skill level 4 in Unarmed Combat
  1447 | D:2      | Gained mutation: Your natural rate of healing is unusually fast. [Vine Stalker growth]
  1447 | D:2      | Reached XP level 4. HP: 6/24 MP: 2/5
  1518 | D:2      | Noticed Natasha
  1591 | D:3      | Noticed Mlkhall's ghost (amateur DrVM)
  1666 | D:4      | Found a sacrificial altar of Ru.
  1830 | D:4      | Reached XP level 5. HP: 3/28 MP: 0/6
  1838 | D:4      | Killed from afar by an orc wizard

Skill      XL: |  1  2  3  4 |
---------------+-------------+-----
Fighting       | 3 |  3.1
Unarmed Combat | 4 |  4.8
Dodging        | 3 |  3.0
Armour         | |  0.4
Stealth        | |  2.4
Shields        | |  0.8

Action                   |  1- 3 |  4- 6 || total
-------------------------+-------+-------++-------
Melee: Unarmed           |   112 |    57 ||   169
       Bite              |    29 |     9 ||    38
       Punch             |     1 |       ||     1
  Use: Potion            |       |     4 ||     4
 Stab: Sleeping          |     4 |     1 ||     5
  Eat: Chunk             |     2 |     1 ||     3
Armor: Robe              |    16 |     7 ||    23
       Skin              |       |    20 ||    20
Dodge: Dodged            |    62 |    29 ||    91
Block: Shield            |       |    12 ||    12
